 Dungeon Crawl Stone Soup version 0.31-a0-845-g9abc20d24f (webtiles) character file.

Game seed: 14948118667342810246

301 Ijustatesigmund the Magician (level 6, -7/35 HPs)
             Began as a Deep Elf Fire Elementalist on Oct 2, 2023.
             Mangled by Edmund
             ... wielding a +2 dire flail of holy wrath
              (11 damage)
             ... on level 4 of the Dungeon.
             The game lasted 00:05:24 (4045 turns).

Ijustatesigmund the Magician (DEFE)                 Turns: 4045, Time: 00:05:26

Health: -7/35      AC:  2    Str:  5    XL:     6   Next: 14%
Magic:  6/15       EV: 12    Int: 22    God:
Gold:   229        SH:  0    Dex: 15    Spells: 8/15 levels left

rFire   . . .        d - +2 dagger (venom)
rCold   . . .        (no shield)
rNeg    . . .        a - +0 robe
rPois   .            (no helmet)
rElec   .            (no cloak)
rCorr   .            (no gloves)
SInv    .            (no boots)
Will    +....        (no amulet)
Stlth   ++           (no ring)
HPRegen 0.25/turn    (no ring)
MPRegen 0.14/turn

%: no passive effects
@: enlightened, flying
A: no striking features
a: no special abilities


You were on level 4 of the Dungeon.
You visited 1 branch of the dungeon, and saw 4 of its levels.

You collected 229 gold pieces.

Inventory:

Hand Weapons
 d - a +2 dagger of venom (weapon)
Armour
 a - a +0 robe (worn)
Scrolls
 c - 5 scrolls of identify {unknown}
 f - a scroll of fog {unknown}
 g - a scroll of silence {unknown}
 j - 2 scrolls of immolation {unknown}
 k - 2 scrolls of poison {unknown}
 l - a scroll of vulnerability {unknown}
Potions
 b - a potion of magic
 h - a potion of curing {unknown}
 i - a potion of heal wounds {unknown}
 m - a potion of mutation {unknown}


   Skills:
 + Level 2.3 Fighting
 - Level 2.4 Dodging
 - Level 2.4 Stealth
 + Level 5.0 Spellcasting
 + Level 3.3 Conjurations
 + Level 4.7 Fire Magic


You had 8 spell levels left.
You knew the following spells:

 Your Spells              Type           Power      Damage    Failure   Level
a - Foxfire               Conj/Fire      92%        2x1d8     1%          1
b - Scorch                Fire           52%        2d7       2%          2
c - Flame Wave            Conj/Fire      23%        2d8       19%         4

Your spell library contained the following spells:

 Spells                   Type           Power      Damage    Failure   Level
 Slow                     Hex            20%        N/A       10%         1
 Inner Flame              Hex/Fire       16%        N/A       12%         3
 Volatile Blastmotes      Fire/Tloc      32%        2d12      12%         3
 Cigotuvi's Dreadful Rot  Necr/Pois/Air  10%        N/A       16%         2
 Ignite Poison            Fire/Tmut/Pois 12%        N/A       16%         3
 Confusing Touch          Hex            5%         N/A       30%         3
 Sigil of Binding         Hex            5%         N/A       30%         3
 Vampiric Draining        Necr           5%         2d6       30%         3
 Freezing Cloud           Conj/Ice/Air   5%         6-21      87%         5
 Starburst                Conj/Fire      11%        6d5       96%         6
 Plasma Beam              Fire/Air       8%         2x1d18    99%         6


Dungeon Overview and Level Annotations

Branches:
Dungeon (4/15)
 Temple: D:4-7

Altars:
The Shining One

Annotations:
D:4 Edmund, Sigmund


Message History

Confirm with . or Enter, or press ? or * to list all spells.
You conjure some foxfire!
The foxfire hits Edmund.
Edmund is lightly wounded.
The foxfire hits Edmund but does no damage.
Edmund is lightly wounded.
Casting: Foxfire (safe; 1% risk of failure)
Confirm with . or Enter, or press ? or * to list all spells.
Flames lash Edmund.
Edmund is moderately wounded.
Edmund's fire resistance burns away.
Casting: Scorch (safe; 2% risk of failure)
Confirm with . or Enter, or press ? or * to list all spells.
Casting: Flame Wave (extremely dangerous; 19% risk of failure)
Press: ? - help, Dir - look around, f - activate A wave of flame ripples out!
The flame wave engulfs Edmund.
Edmund is moderately wounded. (Press . to intensify the flame waves.) Edmund hits you with a +2 dire flail of holy wrath!
A wave of flame ripples out!
The flame wave engulfs Edmund!
Edmund is burned terribly!
Edmund is heavily wounded.
Sigmund the Dreaded comes into view.
He is wielding a +0 scythe and wearing a +1 robe of willpower.
Edmund barely misses you.
A wave of flame ripples out!
The flame wave engulfs Edmund!
Edmund is burned terribly!
Edmund is severely wounded.
You finish channelling waves of flame.
You hear a shout! x3
Edmund is no longer more vulnerable to fire.
Edmund hits you with a +2 dire flail of holy wrath!
* * * LOW HITPOINT WARNING * * *
You hear a shout!
It was a potion of enlightenment.
You feel very buoyant.
You fly up into the air.
You hear a shout!
Edmund hits you with a +2 dire flail of holy wrath!
You die...
Edmund whines, "They better pay attention to me now!"

#.# ###..##.#.. #.#
#..........
##.###...#######
....)....# ...
##.###.P.# .. .
........P#
###.######..
###.##.###
##[#......... #.##.#
..#........@..# #.##.#
......@@......[
#.##.#########..######
#.##......v§§.........
#.##.#..#####..(######
#.##...## ###...#
###.####.# ##.#
.........# .#
####.###.# . .....#
#... ##


You could see Edmund and Sigmund.

Vanquished Creatures
  2 hounds (D:4)
  Natasha (D:4)
  2 orc wizards (D:3)
  6 adders
  4 gnolls
  7 orcs (D:3)
  3 endoplasms
  2 giant cockroaches
  6 goblins
  12 hobgoblins
  3 jackals (D:2)
  5 kobolds
  A quokka (D:2)
  7 ball pythons
  4 bats
  A frilled lizard (D:2)
  6 rats
72 creatures vanquished.

Vanquished Creatures (others)
  150 foxfires
150 creatures vanquished.

Grand Total: 222 creatures vanquished

Notes
Turn   | Place    | Note
-------+----------+-------------------------------------------
     0 | D:1      | Ijustatesigmund the Deep Elf Fire Elementalist began the
                  | quest for the Orb.
     0 | D:1      | Reached XP level 1. HP: 10/10 MP: 6/6
   778 | D:2      | Reached XP level 2. HP: 13/16 MP: 6/8
   806 | D:1      | Learned a level 2 spell: Scorch
  1120 | D:2      | Reached XP level 3. HP: 20/20 MP: 5/10
  1224 | D:2      | Reached skill level 1 in Fighting
  1667 | D:2      | Found a glowing golden altar of the Shining One.
  2232 | D:3      | Reached XP level 4. HP: 25/25 MP: 7/11
  2237 | D:3      | Learned a level 4 spell: Flame Wave
  2535 | D:3      | Reached skill level 4 in Spellcasting
  3050 | D:3      | Reached XP level 5. HP: 30/30 MP: 9/13
  3232 | D:4      | Noticed Natasha
  3235 | D:4      | Killed Natasha
  3647 | D:4      | Reached XP level 6. HP: 23/35 MP: 0/15
  3851 | D:4      | Reached skill level 5 in Spellcasting
  4034 | D:4      | Noticed Edmund
  4043 | D:4      | Noticed Sigmund
  4045 | D:4      | Mangled by Edmund

Illustrated notes

Levels and vault maps discovered:
D:1:      dpeg_arrival_rooms_c, layout_basic
D:2:      layout_basic, basic_altar, nicolae_twisty_statue_hallways
D:3:      layout_loops_ring, serial_glass, glass_columns_b, glass_columns_a,
          glass_columns_a, glass_columns_c, glass_columns_c, glass_columns_a
D:4:      layout_loops_ring, minmay_temple_entry_nine_rooms,
          sigmund_edmund_badplayer, uniq_robin, uniq_natasha

Skill      XL: |  1  2  3  4  5  6 |
---------------+-------------------+-----
Fighting       | 1 2 |  2.3
Conjurations   | 2 3 |  3.3
Fire Magic     | 4 |  4.7
Spellcasting   | 4 5 |  5.0
Dodging        | |  2.4
Stealth        | |  2.4

Action                     |  1- 3 |  4- 6 || total
---------------------------+-------+-------++-------
  Melee: Dagger            |     3 |     5 ||     8
   Cast: Foxfire           |    48 |    47 ||    95
         Scorch            |     5 |    20 ||    25
         Flame Wave        |       |     2 ||     2
    Use: Potion            |       |     1 ||     1
   Stab: Sleeping          |     1 |       ||     1
 Armour: Robe              |    12 |    16 ||    28
  Dodge: Dodged            |    13 |    21 ||    34

Table legend: (Time is in decaauts)
 A = Elapsed time spent in this place.
 B = Non-inter-level travel time spent in this place.
 C = Inter-level travel time spent in this place.
 D = Time resting spent in this place.
 E = Time spent auto-exploring this place.
 F = Levels seen in this place.
 G = Mean time per level.
                   A        B        C        D        E       F      G
               +--------+--------+--------+--------+--------+-----+--------+
         Total |   4045 |   3917 |    128 |    770 |   2672 |   4 | 1011.2 |
       Dungeon |   4045 |   3917 |    128 |    770 |   2672 |   4 | 1011.2 |
               +--------+--------+--------+--------+--------+-----+--------+

Top non-repeatable levels by time:
     D:2: 1376 daAuts
     D:3: 1053 daAuts
     D:4: 812 daAuts
     D:1: 803 daAuts
